 Dungeon Crawl Stone Soup version 0.28-a0-983-g1de4e0787c (webtiles) character file.

Game seed: 2953171016367103361

74 Lavandula the Slasher (level 4, -5/35 HPs)
             Began as a Demonspawn Abyssal Knight on Dec 3, 2021.
             Was a Believer of Lugonu.
             Slain by an orc (6 damage)
             ... on level 2 of the Dungeon.
             The game lasted 00:03:31 (2088 turns).

Lavandula the Slasher (Demonspawn Abyssal Knight)   Turns: 2088, Time: 00:03:32

Health: -5/35      AC:  5    Str: 13    XL:     4   Next: 9%
Magic:  5/5        EV: 11    Int: 12    God:    Lugonu [**....]
Gold:   69         SH:  0    Dex: 15    Spells: 3/3 levels left

rFire   + . .      SeeInvis .   a - +1 falchion
rCold   + . .      Faith    .   (no shield)
rNeg    . . .      Spirit   .   b - +0 leather armour
rPois   +          Reflect  .   (helmet restricted)
rElec   +          Harm     .   (no cloak)
rCorr   +          Rampage  .   (no gloves)
Will    .....                   (no boots)
Stlth   +.........              (no amulet)
HPRegen 0.11/turn               (no ring)
MPRegen 0.09/turn               (no ring)

@: mighty, resistant
A: antennae 1, molten scales 1
a: Renounce Religion, Depart the Abyss, Bend Space


You were on level 2 of the Dungeon.
You worshipped Lugonu.
Lugonu was pleased with you.
You visited 1 branch of the dungeon, and saw 2 of its levels.
You visited the Abyss 1 time.

You collected 69 gold pieces.

Inventory:

Hand Weapons
 a - a +1 falchion (weapon)
Missiles
 g - 6 curare-tipped darts
 j - 4 poisoned darts (quivered)
Armour
 b - a +0 leather armour (worn)
Scrolls
 e - a scroll of fear {unknown}
 f - a scroll of noise {unknown}
 h - a scroll of identify {unknown}
 k - a scroll of teleportation {unknown}
Potions
 i - a potion of magic {unknown}


   Skills:
 - Level 3.0 Fighting
 + Level 4.0 Long Blades
 - Level 1.7 Armour
 - Level 0.8 Dodging
 - Level 2.5 Invocations


You had 3 spell levels left.
You didn't know any spells.
Your spell library contained the following spells:

 Spells                   Type           Power      Damage    Failure   Level
 Sandblast                Erth           0%         2d4       38%         1
 Passwall                 Tmut/Erth      0%         N/A       54%         2
 Stone Arrow              Conj/Erth      0%         3d7       77%         3


Dungeon Overview and Level Annotations

Branches:
Dungeon (2/15)

Altars:


Innate Abilities, Weirdness & Mutations

You have a pair of small antennae on your head.
You are partially covered in molten scales. (AC +2)


Message History

The orc hits you but does no damage.
Unknown command.
You hit the adder but do no damage.
The adder is almost dead.
You feel sick. The adder closely misses you.
The orc hits you from afar with a +0 trident.
The adder bites you but does no damage.
Unknown command.
You slash the adder!
You kill the adder!
Lugonu accepts your kill.
You feel sick.
The orc hits you from afar with a +0 trident.
* * * LOW HITPOINT WARNING * * *
Your Long Blades skill increases to level 4!
You have reached level 4!
You feel clever.
Your demonic ancestry asserts itself...
Molten scales grow over part of your body.
Unknown command.
* * * LOW HITPOINT WARNING * * *
You feel sick.
Unknown command.
Okay, then.
Unknown command.
* * * LOW HITPOINT WARNING * * *
You feel sick.
Unknown command.
Okay, then.
It was a potion of resistance.
You feel protected.
* * * LOW HITPOINT WARNING * * *
You feel sick. The orc barely misses you.
Unknown command.
It was a potion of might.
You feel very mighty all of a sudden.
* * * LOW HITPOINT WARNING * * *
You feel sick.
You are no longer poisoned.
The orc hits you from afar with a +0 trident.
You die...

##.## #..#..#######.#..<.####
#..####....#######..##.....#
#.#.....#.......#......##...
###...####............)..###.#
#....####.......^...†<....##..
##.#..#
#...(...................
##....##
#....###################
....### #....###[# ..###
##...##@## ..# #....##.### #
..# #....#o##.## .# ###
#....#†#.#.# #o#
##....†÷#..#..# ##..#..(#...#
##...#)..g# #....#.....#
#......#..(...


You could see an orc.

Vanquished Creatures
  3 adders (D:2)
  2 worms (D:2)
  3 dart slugs
  A ball python (D:2)
  5 bats
  A giant cockroach (D:1)
  4 hobgoblins
  3 frilled lizards
  6 goblins
  6 kobolds
  2 rats (D:2)
36 creatures vanquished.

Notes
Turn   | Place    | Note
-------+----------+-------------------------------------------
     0 | Abyss:1  | Lavandula the Demonspawn Abyssal Knight began the quest for
                  | the Orb.
     0 | Abyss:1  | Reached XP level 1. HP: 18/18 MP: 2/2
     6 | Abyss:1  | Found a corrupted altar of Lugonu.
    12 | D:1      | Escaped the Abyss
    87 | D:1      | Reached skill level 2 in Long Blades
   437 | D:1      | Gained mutation: You have a pair of small antennae on your
                  | head. [demonic ancestry]
   437 | D:1      | Reached XP level 2. HP: 24/24 MP: 3/3
   845 | D:1      | Found a faded altar of an unknown god.
  1271 | D:2      | Reached skill level 3 in Long Blades
  1300 | D:2      | Reached XP level 3. HP: 22/29 MP: 4/4
  1945 | D:2      | Reached ** piety under Lugonu
  2085 | D:2      | Reached skill level 4 in Long Blades
  2085 | D:2      | Gained mutation: You are partially covered in molten
                  | scales. (AC +2) [demonic ancestry]
  2085 | D:2      | Reached XP level 4. HP: 5/35 MP: 5/5
  2088 | D:2      | HP: 1/35 [poisoned by an adder]
  2088 | D:2      | Slain by an orc

Illustrated notes

Levels and vault maps discovered:
D:1:      dpeg_arrival_more_subterranean_lakeside_camping, layout_loops_ring,
          shapermc_ecumenical_altar_mp_highgroup, minmay_pentomino_q2
D:2:      layout_rooms, minmay_increasing_density

Skill      XL: |  1  2  3 |
---------------+----------+-----
Long Blades    | 2 3 4 |  4.0
Fighting       | |  3.0
Armour         | |  1.7
Dodging        | |  0.8
Invocations    | |  2.5

Action                   |  1- 3 |  4- 6 || total
-------------------------+-------+-------++-------
Melee: Falchion          |   120 |       ||   120
Throw: Dart              |     2 |       ||     2
  Use: Potion            |       |     2 ||     2
Armor: Leather armour    |    43 |       ||    43
Dodge: Dodged            |    75 |     1 ||    76

Table legend: (Time is in decaauts)
 A = Elapsed time spent in this place.
 B = Non-inter-level travel time spent in this place.
 C = Inter-level travel time spent in this place.
 D = Time resting spent in this place.
 E = Time spent auto-exploring this place.
 F = Levels seen in this place.
 G = Mean time per level.
                   A        B        C        D        E       F      G
               +--------+--------+--------+--------+--------+-----+--------+
         Total |   2108 |   2093 |     15 |    394 |   1332 |   3 |  702.7 |
       Dungeon |   2096 |   2081 |     15 |    394 |   1332 |   2 | 1048.0 |
         Abyss |     12 |     12 |      0 |      0 |      0 |   1 |   12.0 |
               +--------+--------+--------+--------+--------+-----+--------+

Top non-repeatable levels by time:
     D:1: 1194 daAuts
     D:2: 902 daAuts
 Abyss:1: 12 daAuts
